Map: [ESL] Oceanborn

Players

Gerald

  • Race: Protoss Protoss
  • Spawn Location: 5:00

DnS - Winner!

  • Race: Protoss Protoss
  • Spawn Location: 11:00

Event: ESL SC2 Masters 2024 Spring (Regional)

VOD

Have the link to the VOD?

Description

Time

  • Played on: April 19, 2024, 9:51 a.m.
  • Length: 15:22

All games in this series

Show
View Real Time Build Order
Export as new Build Order

Gerald Protoss 

Build Orders: Oracle Opening 

Get SALT Encoding   

  12  0:00  Probe  
  13  0:12  Probe  
  14  0:17  Pylon  
  14  0:24  Probe (Chrono Boost)  
  16  0:37  Probe (Chrono Boost), Gateway  
  16  0:42  Probe (Chrono Boost)  
  16  0:45  Assimilator  
  17  0:51  Probe  
  17  0:53  Assimilator  
  18  1:04  Probe (Chrono Boost)  
  19  1:08  Gateway  
  19  1:13  Probe (Chrono Boost)  
  20  1:18  Probe (Chrono Boost)  
  20  1:25  Cybernetics Core  
  21  1:30  Probe  
  22  1:34  Pylon  
  22  1:42  Probe  
  23  1:54  Probe  
  24  2:04  Stalker x2  
  28  2:09  Warp Gate  
  28  2:11  Probe  
  29  2:17  Pylon  
  29  2:23  Probe  
  29  2:24  Pylon  
  30  2:35  Probe  
  35  2:47  Probe  
  35  2:49  Stargate  
  32  2:54  Nexus  
  32  2:59  Probe  
  32  3:03  Adept  
  35  3:10  Adept  
  36  3:14  Probe  
  36  3:19  Pylon  
  37  3:26  Probe  
  38  3:34  Oracle (Chrono Boost)  
  38  3:38  Probe  
  38  3:41  Twilight Council  
  42  3:47  Shield Battery  
  42  3:52  Probe  
  43  4:00  Sentry, Stalker  
  47  4:06  Probe (Chrono Boost)  
  47  4:08  Probe (Chrono Boost)  
  49  4:15  Blink (Chrono Boost)  
  50  4:18  Probe (Chrono Boost)  
  50  4:20  Probe (Chrono Boost)  
  50  4:23  Probe (Chrono Boost)  
  51  4:24  Probe (Chrono Boost)  
  53  4:31  Gateway  
  53  4:32  Probe  
  54  4:42  Stalker x2  
  54  4:44  Probe  
  59  4:49  Pylon  
  59  4:50  Assimilator  
  59  4:51  Probe  
  60  4:56  Probe  
  61  5:08  Probe  
  61  5:10  Probe  
  63  5:14  Nexus  
  63  5:16  Pylon  
  63  5:20  Probe  
  64  5:22  Probe  
  64  5:24  Forge  
  63  5:30  Stalker x2  
  63  5:32  Probe  
  68  5:37  Probe  
  68  5:42  Stalker  
  66  5:43  Shield Battery  
  66  5:44  Probe  
  66  5:45  Oracle (Chrono Boost)  
  70  5:51  Pylon  
  70  5:53  Stalker  
  70  5:54  Stalker  
  70  5:57  Probe  
  75  5:58  Probe  
  75  6:03  Protoss Ground Weapons Level 1 (Chrono Boost)  
  76  6:08  Pylon  
  76  6:09  Probe  
  76  6:10  Probe  
  78  6:17  Robotics Facility  
  78  6:21  Probe, Gateway  
  78  6:22  Probe  
  80  6:29  Stalker  
  80  6:30  Stalker  
  80  6:32  Probe  
  85  6:33  Probe  
  85  6:34  Probe  
  85  6:39  Stalker  
  89  6:44  Gateway  
  89  6:45  Probe  
  89  6:46  Gateway  
  90  6:48  Probe x2  
  90  6:49  Phoenix  
  90  6:51  Pylon  
  90  6:54  Gateway  
  92  6:56  Gateway  
  92  7:00  Gateway  
  92  7:02  Observer (Chrono Boost)  
  93  7:09  Gateway  
  93  7:11  Charge  
  96  7:22  Immortal (Chrono Boost)  
  97  7:25  Assimilator, Stalker  
  97  7:26  Pylon, Zealot x2, Stalker  
  105  7:35  Nexus  
  105  7:42  Pylon  
  105  7:48  Probe  
  105  7:49  Warp Prism  
  104  7:54  Zealot x5  
  104  7:55  Probe  
  104  7:56  Probe  
  104  7:57  Protoss Ground Weapons Level 2 (Chrono Boost)  
  116  8:03  Zealot x2  
  120  8:11  Zealot x3  
  126  8:13  Probe  
  126  8:14  Probe  
  126  8:15  Pylon  
  128  8:25  Zealot x2  
  131  8:34  Probe  
  131  8:37  Zealot x4  
  140  8:42  Pylon  
  140  8:44  Pylon  
  140  8:45  Probe  
  140  8:47  Probe x2  
  139  8:51  Assimilator  
  139  8:52  Assimilator, Probe  
  140  9:00  Stalker  
  140  9:01  Stalker x5  
  146  9:09  Stalker x2  
  146  9:10  Stalker x2  
  146  9:13  Probe  
  146  9:15  Probe  
  152  9:21  Probe  
  152  9:22  Probe  
  152  9:23  Phoenix (Chrono Boost)  
  149  9:27  Probe  
  152  9:31  Probe  
  152  9:32  Robotics Bay, Robotics Facility  
  152  9:33  Probe  
  152  9:34  Zealot  
  152  9:35  Zealot x4  
  164  9:42  Probe  
  164  9:43  Pylon, Observer (Chrono Boost), Photon Cannon  
  165  9:47  Probe  
  165  9:49  Assimilator  
  165  9:51  Zealot, Photon Cannon  
  169  9:56  Zealot x4  
  150  10:01  Zealot  
  150  10:02  Zealot  
  140  10:08  Zealot x3  
  140  10:14  Stalker  
  128  10:20  Zealot x4  
  126  10:25  Zealot  
  126  10:26  Zealot  
  126  10:28  Immortal  
  126  10:40  Stalker x5  
  136  10:44  Shield Battery  
  124  10:53  Zealot x4  
  124  10:57  Stalker  
  128  10:58  Disruptor (Chrono Boost)  
  132  11:04  Zealot x2  
  132  11:05  Zealot x3  
  132  11:07  Disruptor (Chrono Boost)  
  137  11:17  Stalker  
  137  11:18  Sentry, Stalker x2  
  125  11:25  Probe  
  122  11:27  Stalker x2  
  122  11:31  Assimilator  
  130  11:33  Stalker  
  130  11:34  Disruptor (Chrono Boost)  
  132  11:40  Photon Cannon  
  132  11:43  Disruptor (Chrono Boost)  
  136  11:52  Dark Shrine  
  136  11:59  Disruptor (Chrono Boost)  
  136  12:00  Stalker x3  
  136  12:01  Stalker  
  148  12:13  Disruptor  
  148  12:14  Stalker  
  146  12:18  Photon Cannon  
  146  12:20  Pylon  
  146  12:25  Disruptor  
  147  12:32  Zealot  
  147  12:33  Zealot x4  
  151  12:47  Stalker  
  151  12:48  Disruptor  
  151  12:49  Zealot  
  157  13:01  Disruptor  
  157  13:03  Zealot  
  157  13:04  Zealot x2  
  141  13:15  Zealot  
  141  13:16  Zealot x5  
  132  13:24  Dark Templar x3  
  132  13:25  Dark Templar  
  107  13:29  Disruptor  
  102  13:38  Probe  
  102  13:39  Probe x2  
  105  13:44  Archon  
  105  13:50  Shield Battery  
  105  13:51  Probe (Chrono Boost)  
  105  13:52  Probe x2 (Chrono Boost)  
  108  13:57  Disruptor  
  113  14:03  Probe (Chrono Boost)  
  113  14:08  Probe x2 (Chrono Boost)  
  115  14:10  Disruptor, Probe (Chrono Boost)  
  115  14:11  Observer  
  108  14:27  Dark Templar x2  
  95  14:33  Disruptor  
  95  14:34  Stalker x2  
  81  14:43  Probe x2  
  81  14:47  Archon  
  81  14:48  Archon  
  81  14:49  Dark Templar  
  83  14:59  Probe x2  
  86  15:00  Probe  
Show
View Real Time Build Order
Export as new Build Order

DnS Protoss - Winner!

Build Orders: Blink Stalkers 

Get SALT Encoding   

  12  0:00  Probe  
  13  0:12  Probe  
  14  0:17  Pylon  
  14  0:24  Probe (Chrono Boost)  
  15  0:36  Probe (Chrono Boost), Gateway  
  16  0:44  Probe (Chrono Boost)  
  16  0:46  Assimilator  
  17  0:51  Probe  
  17  0:54  Assimilator  
  18  1:03  Probe (Chrono Boost)  
  19  1:07  Gateway  
  20  1:12  Probe (Chrono Boost)  
  20  1:17  Probe (Chrono Boost)  
  20  1:24  Cybernetics Core  
  21  1:29  Probe  
  22  1:34  Pylon  
  22  1:41  Probe  
  23  1:53  Probe  
  24  2:00  Sentry, Stalker  
  24  2:01  Warp Gate  
  28  2:06  Pylon, Probe  
  29  2:23  Sentry  
  31  2:35  Sentry  
  33  2:43  Nexus  
  33  2:46  Shield Battery  
  33  2:47  Probe  
  34  2:55  Stalker  
  36  3:00  Probe  
  37  3:07  Twilight Council  
  37  3:18  Pylon  
  37  3:21  Probe  
  38  3:33  Probe (Chrono Boost), Shield Battery  
  39  3:41  Blink (Chrono Boost)  
  39  3:45  Probe (Chrono Boost)  
  40  3:50  Probe (Chrono Boost)  
  41  3:56  Probe  
  41  3:58  Stalker x2  
  41  4:01  Probe  
  47  4:08  Probe  
  48  4:12  Pylon  
  48  4:13  Probe  
  48  4:17  Shield Battery  
  49  4:23  Stalker  
  51  4:24  Stalker  
  51  4:29  Probe  
  51  4:30  Probe  
  55  4:33  Shield Battery  
  55  4:41  Probe  
  55  4:42  Probe  
  55  4:44  Pylon  
  57  4:53  Probe  
  57  4:54  Probe  
  57  4:58  Stalker  
  61  5:05  Probe  
  62  5:07  Stalker  
  62  5:10  Probe  
  62  5:14  Robotics Facility  
  62  5:17  Probe  
  63  5:22  Probe  
  63  5:24  Shield Battery  
  63  5:26  Stalker  
  63  5:28  Nexus  
  66  5:29  Probe  
  66  5:34  Probe  
  68  5:41  Pylon, Probe  
  69  5:43  Assimilator  
  69  5:45  Pylon  
  69  5:46  Probe  
  70  5:58  Forge  
  70  5:59  Pylon, Observer (Chrono Boost), Probe x2 (Chrono Boost)  
  70  6:01  Stalker x2  
  79  6:11  Probe x2 (Chrono Boost)  
  79  6:13  Observer (Chrono Boost)  
  79  6:14  Gateway  
  79  6:15  Gateway  
  79  6:18  Probe x2 (Chrono Boost)  
  82  6:25  Probe x2, Shield Battery  
  82  6:29  Protoss Ground Weapons Level 1 (Chrono Boost)  
  84  6:38  Probe x2  
  87  6:40  Probe  
  87  6:44  Stalker  
  87  6:45  Stalker  
  87  6:46  Gateway x2  
  91  6:48  Charge  
  91  6:50  Probe  
  92  6:56  Gateway x2  
  92  7:10  Stalker x4  
  100  7:16  Nexus  
  100  7:18  Pylon  
  100  7:20  Probe  
  100  7:21  Probe x2  
  103  7:25  Photon Cannon  
  103  7:32  Stalker  
  103  7:33  Stalker x2  
  109  7:37  Stalker  
  111  7:46  Warp Prism (Chrono Boost), Probe x2  
  115  7:51  Photon Cannon  
  115  7:52  Probe  
  115  7:54  Shield Battery  
  116  8:00  Pylon  
  116  8:01  Pylon  
  116  8:13  Pylon  
  116  8:15  Gateway  
  116  8:16  Gateway  
  116  8:21  Protoss Ground Weapons Level 2 (Chrono Boost), Stalker x6  
  128  8:31  Probe  
  128  8:32  Probe x2  
  131  8:35  Photon Cannon  
  131  8:37  Pylon  
  131  8:39  Pylon  
  131  8:47  Zealot x4  
  139  8:49  Stalker x2  
  139  8:52  Pylon  
  143  8:58  Dark Shrine  
  143  9:05  Stalker x2  
  143  9:08  Zealot  
  143  9:09  Zealot x4, Observer  
  152  9:24  Stalker x2  
  152  9:25  Stalker  
  154  9:33  Stalker x3  
  154  9:34  Zealot x4  
  154  9:36  Assimilator  
  154  9:37  Probe x3  
  171  9:42  Pylon  
  171  9:44  Pylon  
  171  9:49  Nexus  
  171  9:52  Pylon  
  171  9:59  Zealot x6  
  161  10:07  Zealot x4  
  142  10:28  Stalker x4  
  142  10:29  Stalker x5  
  142  10:30  Stalker  
  142  10:34  Protoss Ground Weapons Level 3 (Chrono Boost)  
  142  10:35  Photon Cannon  
  156  10:36  Probe x3  
  156  10:37  Shield Battery  
  156  10:42  Warp Prism (Chrono Boost)  
  153  10:59  Zealot x8  
  169  11:09  Zealot x2  
  169  11:10  Probe x3  
  162  11:25  Dark Templar  
  160  11:27  Dark Templar  
  160  11:29  Zealot, Stalker x5  
  160  11:30  Zealot x2  
  178  11:34  Probe x3  
  178  11:35  Probe  
  178  11:39  Photon Cannon  
  182  11:40  Pylon  
  182  11:43  Gateway x2  
  178  11:56  Stalker x2  
  178  11:57  Stalker x5  
  178  11:58  Zealot x2  
  194  12:15  Assimilator  
  180  12:16  Assimilator, Shadow Stride (Chrono Boost)  
  180  12:22  Zealot x6  
  180  12:23  Zealot x4  
  188  12:38  Zealot x2  
  188  12:43  Zealot x4  
  200  12:56  Protoss Ground Armor Level 1 (Chrono Boost)  
  196  12:58  Zealot x2, Nexus  
  200  13:11  Zealot x10  
  154  13:28  Dark Templar x2  
  128  13:36  Dark Templar x7  
  128  13:37  Zealot x3  
  128  13:38  Probe x3  
  128  13:39  Probe  
  128  13:41  Pylon  
  142  13:44  Assimilator  
  142  13:57  Dark Templar x3  
  148  14:05  Zealot x2  
  148  14:09  Observer (Chrono Boost)  
  152  14:15  Zealot x7, Photon Cannon  
  164  14:17  Photon Cannon  
  164  14:22  Observer (Chrono Boost)  
  127  14:31  Zealot x5  
  121  14:39  Observer (Chrono Boost)  
  121  14:41  Stalker x7  
  121  14:43  Probe  
  121  14:44  Probe x5  
  121  14:45  Pylon  
  136  14:53  Stalker x5  
  136  14:56  Observer (Chrono Boost)  
  147  15:04  Zealot x7  
  149  15:11  Photon Cannon  
  149  15:12  Photon Cannon, Shield Battery  
Tags
 
Add a new tag
Caveats
  • Supply blocks, unpowered buildings, or Contaminate may cause inaccurate times.
  • Supply counts are checked every 10 seconds.